 Dungeon Crawl Stone Soup version 0.27-a0-1105-g946c659c87 (webtiles) character file.

Game seed: 9143735012799793677

183 dickylongcocking the Magician (level 5, 0/39 HPs)
             Began as a Djinni Fire Elementalist on Apr 30, 2021.
             Slain by a phantom (1 damage)
             ... on level 3 of the Dungeon.
             The game lasted 00:04:15 (5230 turns).

dickylongcocking the Magician (DjFE)                Turns: 5230, Time: 00:04:15

Health: 0/39       AC:  5    Str:  7    XL:     5   Next: 62%
Gold:   61         EV: 11    Int: 18    God:
                   SH:  0    Dex: 13

rFire    + + +     SeeInvis .   k - +4 falchion
rCold    x . .     Faith    .   (no shield)
rNeg     . . .     Spirit   .   h - +2 leather armour {rF+}
rPois    ∞         Reflect  .   (no helmet)
rElec    .         Harm     .   (no cloak)
rCorr    .         Rampage  .   (no gloves)
Will     .....                  (boots unavailable)
Stlth    ++........             (no amulet)
HPRegen  0.13/turn              (no ring)
MPRegen  0.00/turn              (no ring)

@: flying
A: fire resistance 2, cold vulnerability 1, float, innate caster, hp casting,
extra vitality 1
a: no special abilities


You were on level 3 of the Dungeon.
You visited 1 branch of the dungeon, and saw 4 of its levels.

You collected 61 gold pieces.

Inventory:

Hand Weapons
 b - a +3 short sword
 c - a +1 dagger of venom
 k - a +4 falchion (weapon)
Missiles
 i - 7 boomerangs of dispersal
Armour
 a - a +0 robe
 h - a +2 leather armour of fire resistance (worn)
Jewellery
 g - an amulet of reflection
Scrolls
 e - 2 scrolls of identify {unknown}
 f - a scroll of immolation {unknown}
 l - a scroll of enchant armour {unknown}
 m - a scroll of silence {unknown}
Potions
 j - a potion of cancellation


   Skills:
 * Level 2.5 Fighting
 * Level 1.8 Short Blades
 - Level 2.3 Dodging
 - Level 1.6 Stealth
 * Level 4.0 Spellcasting


You couldn't memorise any spells.
You knew the following spells:

 Your Spells              Type           Power      Damage    Failure   Level
a - Foxfire               Conj/Fire      72%        2x1d7     4%          1
b - Conjure Flame         Conj/Fire      18%        6-21      12%         3
c - Inner Flame           Hex/Fire       18%        N/A       12%         3
d - Sticky Flame          Conj/Fire      18%        2d4       38%         4
e - Fireball              Conj/Fire      9%         3d6       75%         5
f - Shock                 Conj/Air       72%        1d7       4%          1
g - Static Discharge      Conj/Air       18%        N/A       6%          2
Your spell library was empty.

Dungeon Overview and Level Annotations

Branches:
Dungeon (4/15)
 Temple: D:4-7

Altars:

Shops:
D:2 (((


Innate Abilities, Weirdness & Mutations

You are immune to poison.
Your flesh is very heat resistant. (rF++)
You are vulnerable to cold. (rC-)
You float through the air rather than walking.
You learn spells naturally, not from books.
Your magical power is your life essence.
You have superior vitality. (+4 HP)


Message History

Casting: Foxfire (safe; 4% risk of failure)
Confirm with . or Enter, or press ? or * to list all spells.
You conjure some foxfire!
* * * LOW HITPOINT WARNING * * *
The phantom hits you.
* * * LOW HITPOINT WARNING * * *
The phantom blinks!
You blink.
Unknown command.
Unknown command.
Your foxfire dissipates!
The foxfire hits the phantom.
The phantom is heavily damaged.
Okay, then.
Casting: Foxfire (safe; 4% risk of failure)
Confirm with . or Enter, or press ? or * to list all spells.
You conjure some foxfire!
* * * LOW HITPOINT WARNING * * *
The phantom hits you.
* * * LOW HITPOINT WARNING * * *
The phantom blinks!
You blink.
Unknown command.
Unknown command.
Okay, then.
Okay, then.
Casting: Foxfire (safe; 4% risk of failure)
Confirm with . or Enter, or press ? or * to list all spells.
Okay, then.
Unknown command.
Casting: Foxfire (safe; 4% risk of failure)
Confirm with . or Enter, or press ? or * to list all spells.
Okay, then.
Casting: Foxfire (safe; 4% risk of failure)
Confirm with . or Enter, or press ? or * to list all spells.
Aiming: Shock (safe; 4% risk of failure)
Press: ? - help, Shift-Dir - straight line, f - phantom
Aim: a phantom (heavily damaged, 60% to hit)
The zap misses the phantom.
* * * LOW HITPOINT WARNING * * *
The phantom hits you.
You die...

#..............#
#...
#......####....#
#... #......#
####.# #..)
#(.....#
#.###...
#......#
#.......
#......#
######..
#......# #..
#...W..# #..
#...@..# #####
#......# #....
######## #....
#.... #####
###### #.....
##########'####
#...........##.


You could see a phantom.

Vanquished Creatures
  A scorpion zombie (D:3)
  2 orc wizards (D:3)
  2 adders (D:2)
  2 worms (D:3)
  A dart slug (D:1)
  8 orcs (D:3)
  4 bats
  4 endoplasms (D:1)
  A giant cockroach (D:3)
  3 hobgoblins
  16 jackals
  2 quokkas
  7 ball pythons
  4 frilled lizards
  6 goblins
  5 kobolds
  2 rats (D:2)
70 creatures vanquished.

Vanquished Creatures (others)
  84 foxfires
84 creatures vanquished.

Grand Total: 154 creatures vanquished

Notes
Turn   | Place    | Note
-------+----------+-------------------------------------------
     0 | D:1      | dickylongcocking the Djinni Fire Elementalist began the
                  | quest for the Orb.
     0 | D:1      | Reached XP level 1. HP: 15/15 MP: 0/0
   327 | D:1      | Reached skill level 3 in Spellcasting
   327 | D:1      | Reached XP level 2. HP: 13/21 MP: 0/0
   996 | D:1      | Found a faded altar of an unknown god.
  1479 | D:1      | Reached XP level 3. HP: 20/26 MP: 0/0
  1479 | D:1      | Learned a level 1 spell: Shock
  2335 | D:2      | Reached skill level 1 in Fighting
  2665 | D:2      | Found Rejicapi's Weapon Emporium.
  2776 | D:2      | Reached XP level 4. HP: 23/32 MP: 0/0
  3153 | D:2      | Found Kizoiq's Weapon Boutique.
  3276 | D:2      | Found Viffoawn's Weapon Emporium.
  3485 | D:3      | Reached skill level 1 in Short Blades
  3588 | D:3      | Reached XP level 5. HP: 14/38 MP: 0/0
  3588 | D:3      | Learned a level 2 spell: Static Discharge
  4170 | D:3      | Reached skill level 4 in Spellcasting
  5090 | D:4      | Noticed a phantom
  5092 | D:4      | Noticed a phantom
  5225 | D:3      | HP: 1/39 [phantom (4)]
  5230 | D:3      | Slain by a phantom

Illustrated notes

Levels and vault maps discovered:
D:1:      minmay_arrival_glassed_features, layout_basic,
          shapermc_ecumenical_altar_mp_ritualfount,
          kennysheep_decorative_pillar, minivault_24
D:2:      layout_basic, serial_shops, nicolae_shop_behind_doors, shop, shop
D:3:      layout_basic
D:4:      layout_cave_pools, serial_shops, kennysheep_mini_moat,
          uniq_crazy_yiuf_cottage, uniq_pikel

Skill      XL: |  1  2  3  4  5 |
---------------+----------------+-----
Spellcasting   | 3 4 |  4.0
Fighting       | 1 2 |  2.5
Short Blades   | 1 |  1.8
Dodging        | |  2.3
Stealth        | |  1.6

Action                   |  1- 3 |  4- 6 || total
-------------------------+-------+-------++-------
Melee: Unarmed           |     8 |       ||     8
       Short sword       |     6 |       ||     6
       Dagger            |    62 |    98 ||   160
       Falchion          |       |     8 ||     8
 Cast: Foxfire           |    39 |    22 ||    61
       Inner Flame       |       |     3 ||     3
       Sticky Flame      |       |     1 ||     1
       Shock             |       |     1 ||     1
  Use: Scroll            |     1 |       ||     1
       Potion            |       |     3 ||     3
 Stab: Sleeping          |     1 |       ||     1
Armor: Robe              |    27 |     1 ||    28
       Leather armour    |       |    36 ||    36
Dodge: Dodged            |   111 |    50 ||   161
       Rpst.: Falchion   |       |     4 ||     4

Table legend: (Time is in decaauts)
 A = Elapsed time spent in this place.
 B = Non-inter-level travel time spent in this place.
 C = Inter-level travel time spent in this place.
 D = Time resting spent in this place.
 E = Time spent auto-exploring this place.
 F = Levels seen in this place.
 G = Mean time per level.
                   A        B        C        D        E       F      G
               +--------+--------+--------+--------+--------+-----+--------+
         Total |   5225 |   5139 |     86 |   1269 |   3182 |   4 | 1306.2 |
       Dungeon |   5225 |   5139 |     86 |   1269 |   3182 |   4 | 1306.2 |
               +--------+--------+--------+--------+--------+-----+--------+

Top non-repeatable levels by time:
     D:1: 2319 daAuts
     D:3: 1749 daAuts
     D:2: 1084 daAuts
     D:4: 71 daAuts
